 Dungeon Crawl Stone Soup version 0.19-a0-712-g899c6ed (webtiles) character file.

272 TheGoonsmith the Gusty (level 6, -6/48 HPs)
             Began as a Tengu Air Elementalist on June 19, 2016.
             Mangled by an orc warrior
             ... wielding a +0 dire flail
              (7 damage)
             ... on level 3 of the Dungeon.
             The game lasted 00:05:49 (3973 turns).

TheGoonsmith the Gusty (Tengu Air Elementalist)     Turns: 3973, Time: 00:05:50

Health: -6/48      AC: 23    Str:  8    XL:     6   Next: 23%
Magic:  7/11       EV:  2    Int: 17    God:
Gold:   26         SH:  5    Dex: 15    Spells: 4 memorised, 2 levels left

rFire  . . .     SeeInvis .     n - +0 mace
rCold  . . .     Gourm    .     (armour currently unavailable)
rNeg   + + +     Faith    .     m - +0 buckler
rPois  +         Spirit   .     (helmet currently unavailable)
rElec  .         Dismiss  .     (cloak currently unavailable)
rCorr  .         Reflect  .     (gloves currently unavailable)
SustAt .         Harm     .     (boots unavailable)
MR     .....     NoTele   +     (no amulet)
Stlth  ++........               (no ring)
                                (no ring)

@: tree-form, not resistant to hostile enchantments, unstealthy
A: (beak), (talons 0), able to fly 1
a: Fly


You were on level 3 of the Dungeon.
You were not hungry.
You were a tree.
You visited 1 branch of the dungeon, and saw 3 of its levels.

You collected 26 gold pieces.

Inventory:

Hand Weapons
 n - a +0 mace (weapon)
Armour
 a - a +0 robe
 m - a +0 buckler (worn)
 o - a +2 robe of magic resistance (melded)
 s - a +0 cloak (melded)
Scrolls
 d - a scroll of recharging {unknown}
 e - 4 scrolls of remove curse {unknown}
 g - 4 scrolls of identify {unknown}
 h - a scroll of noise {unknown}
 i - a scroll of teleportation {unknown}
 j - a scroll of enchant weapon {unknown}
 p - 3 scrolls of blinking {unknown}
 t - 3 scrolls of magic mapping {unknown}
 u - a scroll of random uselessness {unknown}
 w - a scroll of enchant armour {unknown}
 y - a scroll of immolation {unknown}
Potions
 k - a potion of curing {unknown}
 l - a potion of degeneration {unknown}
 q - a potion of lignification
 r - a potion of cancellation {unknown}
 v - a potion of haste {unknown}
Books
 b - a book of Air

   Spells                             Type                      Level
   a - Shock                          Conjuration/Air              1
   b - Swiftness                      Charms/Air                   2
   c - Repel Missiles                 Charms/Air                   2
   d - Static Discharge               Conjuration/Air              3
   e - Lightning Bolt                 Conjuration/Air              5
Comestibles
 c - a bread ration
 f - 2 meat rations
 x - a beef jerky
 z - a slice of pizza


   Skills:
 - Level 2.1 Dodging
 - Level 2.0 Stealth
 * Level 2.8 Shields
 + Level 2.9 Spellcasting
 * Level 4.5 Conjurations
 * Level 5.7 Air Magic


You had 2 spell levels left.
You knew the following spells:

 Your Spells              Type           Power        Failure   Level  Hunger
a - Shock                 Conj/Air       ###.         2%          1    None
b - Static Discharge      Conj/Air       ###.....     10%         3    ###....
e - Swiftness             Chrm/Air       ##......     12%         2    ##.....
r - Repel Missiles        Chrm/Air       ##....       12%         2    ##.....


Dungeon Overview and Level Annotations

Branches:
Dungeon (3/15)

Altars:
Elyvilon
Hepliaklqana


Innate Abilities, Weirdness & Mutations

((You have a beak for a mouth.))
((You have claws for feet.))
You can fly.


Message History

Aiming: Shock
Press: ? - help, Shift-Dir - straight line, f/p - orc priest
Aim: an orc priest, wielding a mace and wearing a leather armour (heavily wounded)
The zap hits the orc warrior.
The orc warrior appears unharmed.
The zap hits the orc priest.
The orc priest appears unharmed.
The orc priest is almost dead.
The zap hits the orc priest.
The orc priest appears unharmed.
The orc priest is heavily wounded.
The orc warrior hits you with a dire flail!
* * * LOW HITPOINT WARNING * * *
The orc priest hits you from afar with a trident.
* * * LOW HITPOINT WARNING * * *
Unknown command.
It was a potion of lignification.
You turn into a tree.
Your +0 cloak melds into your body.
Your +2 robe of magic resistance melds into your body.
You feel less resistant to hostile enchantments.
Your roots penetrate the ground.
The orc warrior hits you with a dire flail!
You die...

####### #########...§§###
#...)o.oo...§§§§#
#.#######♣.≈§§§§## #.#
######≈§§§§≈.#### ### #.#
#......§≈≈≈.....#
..######.###.####.≈..≈.###.##
.........##...###......###..##
#............................#
#####.........).....######..#####
##..####.####.#.............[
#...###### #.#.######..####.


You could see an orc warrior and 2 orc priests.

Vanquished Creatures
  An orc priest (D:3)
  An orc wizard (D:2)
  A hound skeleton (D:3)
  A worker ant zombie (D:3)
  A gnoll (D:1)
  A howler monkey skeleton (D:3)
  6 adders
  2 oozes
  An adder zombie (D:3)
  An adder skeleton (D:3)
  2 worms
  3 dart slugs
  8 giant geckos
  6 orcs
  5 giant cockroaches
  5 goblins
  10 hobgoblins
  2 jackals (D:2)
  8 kobolds
  A ball python (D:3)
  6 bats
  A giant gecko zombie (D:3)
  4 giant newts
  A quokka zombie (D:3)
  4 rats
82 creatures vanquished.

Notes
Turn   | Place    | Note
--------------------------------------------------------------
     0 | D:1      | TheGoonsmith the Tengu Air Elementalist began the quest for the Orb.
     0 | D:1      | Reached XP level 1. HP: 10/10 MP: 4/4
   323 | D:1      | Reached XP level 2. HP: 15/15 MP: 4/6
   586 | D:1      | Reached XP level 3. HP: 19/19 MP: 2/7
  1496 | D:2      | Reached skill level 1 in Shields
  1496 | D:2      | Reached XP level 4. HP: 23/24 MP: 2/8
  1585 | D:2      | Found a white marble altar of Elyvilon.
  1586 | D:2      | Found a hazy altar of Hepliaklqana.
  2356 | D:3      | Reached skill level 5 in Air Magic
  2484 | D:3      | Gained mutation: You can fly. [Tengu growth]
  2484 | D:3      | Reached XP level 5. HP: 16/28 MP: 0/9
  3228 | D:2      | Reached XP level 6. HP: 17/32 MP: 0/11
  3535 | D:3      | Learned a level 3 spell: Static Discharge
  3538 | D:3      | Learned a level 2 spell: Repel Missiles
  3541 | D:3      | Learned a level 2 spell: Swiftness
  3966 | D:3      | Noticed an orc warrior
  3971 | D:3      | HP: 1/32 [orc priest/trident (4)]
  3973 | D:3      | Mangled by an orc warrior

Vault maps used:
D:1:      erik_arrival_triangle_large
D:2:      gammafunk_temple_overflow_statue, first_bread,
          minmay_misc_feat_encased
D:3:      serial_undead, serial_undead_d, serial_undead_e, serial_undead_f,
          serial_undead_a

Skill      XL: |  1  2  3  4  5 |
---------------+----------------+-----
Conjurations   | 2 3 4 |  4.5
Shields        | 1 2 |  2.8
Air Magic      | 5 |  5.7
Dodging        | |  2.1
Stealth        | |  2.0
Spellcasting   | |  2.9

Action                   |  1- 3 |  4- 6 || total
-------------------------+-------+-------++-------
Melee: Unarmed           |    12 |       ||    12
       Peck              |     3 |     3 ||     6
       Kick              |     2 |     3 ||     5
       Mace              |     1 |    12 ||    13
 Cast: Shock             |    66 |   153 ||   219
  Use: Potion            |       |     1 ||     1
  Eat: Chunk             |     3 |     4 ||     7
       Bread ration      |       |     1 ||     1
Armor: Robe              |     2 |     6 ||     8
Dodge: Dodged            |    16 |    23 ||    39
Block: Buckler           |     2 |     9 ||    11
